 Dungeon Crawl Stone Soup version 0.17-a0-1311-gbcbd859 (webtiles) character file.

1182 Fluffy the Cudgeler (level 8, -6/69 HPs)
             Began as a Gargoyle Fighter on June 8, 2015.
             Was a Believer of Okawaru.
             Splashed by a jelly's acid (7 damage)
             ... on level 6 of the Dungeon.
             The game lasted 00:10:28 (4107 turns).

Fluffy the Cudgeler (Gargoyle Fighter)              Turns: 4107, Time: 00:10:29

Health: -6/69      AC:  9    Str: 25    XL:     8   Next: 42%
Magic:  12/12      EV:  2    Int:  9    God:    Okawaru [**....]
Gold:   253        SH: 10    Dex: 18    Spells: 0 memorised, 7 levels left

rFire  . . .     SeeInvis .     a - +1 flail
rCold  . . .     Clarity  .     (armour currently unavailable)
rNeg   + + +     SustAt   .     c - +0 shield
rPois  ∞         Gourm    .     (helmet currently unavailable)
rElec  .         Spirit   .     (cloak currently unavailable)
rCorr  .         Warding  .     (gloves currently unavailable)
rMut   .         NoTele   +     (boots currently unavailable)
MR     .....                    (no amulet)
Stlth  +++.......               (no ring)
                                n - +2 ring of dexterity

@: mighty, agile, tree-form, corroded equipment, not resistant to hostile
enchantments, fairly stealthy
A: negative energy resistance 1, (electricity resistance), (unbreathing),
petrification resistance, rot immunity, AC +5
a: Heroism, Renounce Religion


You were on level 6 of the Dungeon.
You worshipped Okawaru.
Okawaru was pleased with you.
You were not hungry.
You were a tree.
You visited 1 branch of the dungeon, and saw 6 of its levels.

You collected 253 gold pieces.

Inventory:

Hand weapons
 a - a +1 flail (weapon)
Armour
 c - a +0 shield (worn)
 f - a +0 chain mail (melded)
 m - a +2 cloak of invisibility (melded)
 t - a +0 pair of boots (melded)
Jewellery
 n - a +2 ring of dexterity (left branch)
 r - an uncursed ring of teleportation
Scrolls
 h - 6 scrolls of remove curse
 k - a scroll of teleportation
 o - 2 scrolls of identify
 p - 3 scrolls of enchant weapon
 q - a scroll of enchant armour {unknown}
Potions
 b - 3 potions of agility
 d - 2 potions of might
 g - a potion of curing
 u - 2 potions of flight
Comestibles
 e - 8 bread rations
 i - a chunk of flesh
 l - 3 meat rations
 s - 2 beef jerkies


   Skills:
 - Level 3.2 Fighting
 + Level 7.9 Maces & Flails
 - Level 3.2 Armour
 - Level 3.2 Shields
 + Level 6.5 Invocations


You had 7 spell levels left.
You didn't know any spells.

Dungeon Overview and Level Annotations

Branches:
Dungeon (6/15)
 Temple: D:4-7

Altars:
Ashenzari
Okawaru
Sif Muna
Vehumet
Xom
Yredelemnul
The Shining One

Shops:
D:5 (


Innate Abilities, Weirdness & Mutations

You are resistant to torment.
((Your stone body is resilient (AC +5).))
You are immune to poison.
You resist negative energy.
((You are resistant to electric shocks.))
((You can survive without breathing.))
You are immune to petrification.
You are immune to rotting.


Message History

You hit the jelly but do no damage.
Your branches burn!
* * * LOW HITPOINT WARNING * * *
The jelly is heavily wounded.
The scorpion stings you.
* * * LOW HITPOINT WARNING * * *
The jelly hits you but does no damage.
You hit the jelly. The acid corrodes you!
Your branches burn!
* * * LOW HITPOINT WARNING * * *
The jelly is severely wounded.
The scorpion stings you but does no damage.
The jelly hits you but does no damage.
You hit the jelly but do no damage.
Your branches burn!
* * * LOW HITPOINT WARNING * * *
The jelly is severely wounded.
The scorpion stings you.
* * * LOW HITPOINT WARNING * * *
The jelly hits you.
* * * LOW HITPOINT WARNING * * *
You are splashed with acid!
The acid burns!
You die...

#.#.# ## #.#.# #.
#.#.#######
#.#.##.#).(....#
######.#.......#(..<####
.......#####...#........
#......†...>.#...#####
#.....###.#..#...##...
#....♣# #....#........
#...Js# ####.#....##.#
#....J..# #.#....#..#
#.#.#...# #......#.##
.........# #..#####.#
####..#...# #.. #.#
...#.### #... #.# ##.
..# #. ..# ..# ###


You could see a scorpion and 2 jellies.

Vanquished Creatures
  Sigmund (D:4)
  A hungry ghost (D:5)
  An ice beast (D:4)
  A phantom (D:6)
  A centaur (D:6)
  Blork the orc (D:4)
  A scorpion (D:6)
  A jelly (D:6)
  An orc priest (D:6)
  Crazy Yiuf (D:5)
  2 hounds
  3 worker ants
  An orc wizard (D:6)
  A killer bee zombie (D:6)
  A hound skeleton (D:4)
  3 gnolls (D:3)
  9 adders
  2 shadow imps
  4 worms
  A giant gecko (D:6)
  5 orcs
  8 bats
  A bat skeleton (D:6)
  A giant cockroach (D:1)
  9 goblins
  7 hobgoblins
  3 jackals (D:3)
  3 quokkas (D:2)
  A ball python (D:1)
  10 giant newts
  2 gnoll zombies (D:4)
  10 kobolds
  13 rats
110 creatures vanquished.

Notes
Turn   | Place    | Note
--------------------------------------------------------------
     0 | D:1      | Fluffy the Gargoyle Fighter began the quest for the Orb.
     0 | D:1      | Reached XP level 1. HP: 14/14 MP: 1/1
   262 | D:1      | Reached XP level 2. HP: 16/19 MP: 2/2
   553 | D:2      | Reached XP level 3. HP: 21/23 MP: 3/3
   745 | D:2      | Reached skill level 4 in Maces & Flails
   828 | D:2      | Reached XP level 4. HP: 28/28 MP: 4/4
  1435 | D:3      | Found an iron altar of Okawaru.
  1444 | D:3      | Became a worshipper of Warmaster Okawaru
  1473 | D:3      | Found a glowing golden altar of the Shining One.
  1484 | D:3      | You fall through a shaft for 2 floors!
  1484 | D:5      | Entered Level 5 of the Dungeon
  1536 | D:5      | Found Onioth's Antique Weapon Emporium.
  1646 | D:4      | Reached skill level 1 in Invocations
  1646 | D:4      | Reached XP level 5. HP: 24/32 MP: 5/5
  1772 | D:3      | Found a deep blue altar of Sif Muna.
  1797 | D:3      | Found a shimmering altar of Xom.
  1843 | D:3      | Reached skill level 5 in Maces & Flails
  2072 | D:4      | Noticed an ice beast
  2099 | D:4      | Killed an ice beast
  2099 | D:4      | Reached XP level 6. HP: 24/37 MP: 6/8
  2207 | D:4      | Noticed Sigmund
  2242 | D:4      | Killed Sigmund
  2242 | D:4      | Acquired Okawaru's first power
  2242 | D:4      | Reached skill level 6 in Maces & Flails
  2251 | D:4      | Reached XP level 7. HP: 15/41 MP: 8/10
  2314 | D:4      | Noticed Blork the orc
  2324 | D:4      | Killed Blork the orc
  2557 | D:4      | Found a basalt altar of Yredelemnul.
  2598 | D:4      | Found a radiant altar of Vehumet.
  2599 | D:4      | Found a shattered altar of Ashenzari.
  3021 | D:5      | Noticed Crazy Yiuf
  3027 | D:5      | Killed Crazy Yiuf
  3233 | D:5      | Noticed a hungry ghost
  3245 | D:5      | Killed a hungry ghost
  3245 | D:5      | Reached skill level 5 in Invocations
  3509 | D:6      | Reached skill level 7 in Maces & Flails
  3659 | D:6      | Reached XP level 8. HP: 43/46 MP: 12/12
  4095 | D:6      | HP: 2/46 [acid (9)]
  4107 | D:6      | HP: 2/69 [scorpion (2)]
  4107 | D:6      | Splashed by a jelly's acid

Vault maps used:
D:1:      dpeg_arrival_rhombus
D:2:      st_stairs_6, minmay_crystal_room, minmay_newt_pond
D:3:      nicolae_overflow_quartered_altars
D:4:      lemuel_zombie_altar_yredelemnul, gammafunk_temple_overflow_statue,
          uniq_blork_the_orc, uniq_sigmund
D:5:      first_bread, serial_shops, shop, uniq_crazy_yiuf_cottage
D:6:      minmay_temple_entry_poolview

Action                   |  1- 3 |  4- 6 |  7- 9 || total
-------------------------+-------+-------+-------++-------
Melee: Flail             |   136 |   204 |   237 ||   577
  Use: Scroll            |       |    10 |       ||    10
       Potion            |       |     2 |     7 ||     9
  Eat: Chunk             |       |     4 |     7 ||    11
       Pizza             |       |       |     1 ||     1
